Map: Orbital Shipyard

Players

TakeDown - Winner!

  • Race: Zerg Zerg
  • League: Diamond

Javert

  • Race: Zerg Zerg
  • League: Gold

VOD

Have the link to the VOD?

Description

Time

  • Played on: Sept. 3, 2015, 12:27 p.m.
  • Length: 10:21
Show
View Real Time Build Order
Export as new Build Order

TakeDown Zerg - Winner!

Build Orders: Hatch First, Lurkers 

Get SALT Encoding   

  12  0:01  Drone  
  13  0:12  Overlord  
  13  0:18  Drone  
  14  0:31  Drone x2  
  14  0:34  Drone  
  17  0:46  Drone  
  18  0:55  Hatchery  
  17  1:00  Drone  
  17  1:03  Extractor  
  17  1:13  Spawning Pool  
  17  1:16  Drone  
  17  1:20  Drone  
  18  1:28  Drone  
  19  1:40  Overlord  
  19  1:57  Drone  
  19  2:00  Queen  
  22  2:03  Metabolic Boost  
  22  2:07  Drone, Queen  
  25  2:09  Drone  
  25  2:11  Drone  
  27  2:19  Zergling x2  
  28  2:23  Zergling x2  
  28  2:28  Baneling Nest  
  28  2:30  Drone  
  29  2:40  Drone x2  
  31  2:48  Overlord  
  31  2:52  Drone  
  32  2:59  Drone  
  33  3:08  Drone x4  
  37  3:13  Overlord  
  37  3:19  Overlord  
  36  3:29  Drone x3  
  39  3:34  Drone x2  
  39  3:40  Drone x3  
  44  3:44  Hatchery  
  43  3:49  Overlord  
  43  3:52  Lair  
  43  3:57  Drone, Extractor  
  43  3:58  Drone x2, Extractor  
  44  4:04  Roach Warren, Drone x2  
  44  4:06  Baneling x3  
  45  4:12  Zergling x6  
  45  4:13  Zergling x2  
  49  4:30  Drone x2  
  49  4:31  Drone x2  
  53  4:33  Extractor  
  52  4:39  Zergling x2  
  53  4:55  Hydralisk Den  
  53  4:56  Queen  
  54  5:00  Queen  
  54  5:04  Hatchery  
  55  5:09  Drone  
  55  5:10  Drone x7  
  63  5:18  Lurker Den  
  63  5:24  Spine Crawler  
  63  5:27  Hydralisk  
  63  5:28  Hydralisk x5  
  74  5:38  Spine Crawler  
  73  5:46  Overlord x3  
  73  6:11  Drone x12  
  74  6:14  Extractor  
  74  6:15  Extractor  
  82  6:19  Evolution Chamber  
  82  6:20  Drone x3  
  82  6:23  Evolution Chamber  
  82  6:24  Drone x3  
  86  6:33  Drone x4  
  86  6:38  Overlord  
  86  6:39  Overlord  
  90  6:43  Hydralisk x3  
  90  6:46  Lurker  
  99  6:47  Lurker x5  
  102  7:04  Hydralisk x2  
  102  7:05  Hydralisk x3  
  112  7:14  Overlord x2  
  112  7:15  Overlord  
  112  7:20  Hatchery  
  111  7:24  Overlord  
  111  7:28  Zerg Missile Weapons Level 1, Zerg Ground Armor Level 1  
  111  7:42  Roach  
  111  7:43  Roach x8  
  126  7:45  Overlord x2  
  126  7:56  Glial Reconstitution  
  118  8:08  Lurker  
  118  8:09  Lurker x3  
  122  8:13  Roach x6  
  122  8:15  Overlord x4  
  122  8:16  Overlord  
  134  8:36  Roach  
  134  8:37  Roach x13  
  162  8:54  Hydralisk x9  
  162  9:11  Roach x7  
  156  9:36  Hydralisk x9  
  156  9:37  Hydralisk x4  
  182  9:52  Overlord x2  
  182  9:53  Overlord  
Show
View Real Time Build Order
Export as new Build Order

Javert Zerg 

Build Orders: Pool First 

Get SALT Encoding   

  12  0:01  Drone  
  13  0:13  Overlord  
  13  0:20  Drone  
  14  0:33  Drone x2  
  16  0:36  Drone  
  17  0:47  Spawning Pool  
  17  0:49  Drone  
  17  0:58  Drone  
  18  1:15  Hatchery  
  17  1:20  Drone x2, Extractor  
  18  1:34  Roach Warren  
  17  1:41  Queen  
  19  1:47  Overlord  
  20  1:54  Drone x2  
  21  2:15  Roach x2  
  25  2:32  Roach  
  25  2:35  Queen  
  30  2:37  Drone x2  
  31  2:46  Drone x2  
  33  2:58  Overlord  
  33  3:04  Drone x2  
  33  3:05  Drone  
  36  3:17  Drone  
  36  3:18  Drone x2  
  39  3:29  Overlord  
  39  3:30  Drone  
  39  3:31  Drone x2  
  42  3:35  Hatchery  
  41  3:45  Drone x3  
  44  3:49  Roach x2  
  48  4:02  Overlord  
  48  4:05  Drone x2  
  50  4:14  Drone x2  
  50  4:15  Lair  
  52  4:20  Extractor  
  52  4:21  Extractor  
  52  4:22  Drone x3, Extractor  
  52  4:23  Evolution Chamber  
  51  4:26  Evolution Chamber  
  51  4:30  Overlord  
  51  4:31  Overlord  
  50  4:37  Roach x3  
  56  4:46  Overlord  
  56  5:02  Hatchery  
  56  5:05  Zerg Missile Weapons Level 1  
  55  5:12  Drone x4  
  55  5:13  Drone x5  
  64  5:28  Drone x4  
  65  5:29  Drone x4, Glial Reconstitution  
  65  5:31  Zerg Ground Armor Level 1  
  72  5:36  Overseer  
  72  5:39  Drone x2  
  74  5:49  Roach x3  
  84  5:50  Roach x2  
  84  5:57  Hydralisk Den  
  83  6:03  Overlord x2, Extractor  
  82  6:05  Extractor  
  81  6:12  Overlord x2  
  81  6:17  Overlord x2  
  81  6:19  Queen  
  81  6:20  Queen  
  85  6:35  Muscular Augments  
  85  6:36  Hydralisk x4  
  93  6:42  Ravager x3  
  93  6:44  Ravager  
  97  6:47  Drone  
  97  6:48  Drone x5  
  97  6:53  Overseer x2  
  103  6:54  Overlord  
  103  6:55  Drone  
  103  7:00  Drone x3  
  107  7:06  Roach x2  
  111  7:15  Hydralisk x2  
  111  7:16  Hydralisk x2  
  111  7:19  Pneumatized Carapace  
  119  7:26  Metabolic Boost  
  119  7:30  Roach x5  
  128  7:44  Drone x6  
  128  7:45  Drone x3  
  128  7:48  Drone x4  
  128  7:50  Infestation Pit  
  129  7:59  Lurker Den  
  105  8:07  Roach  
  105  8:08  Roach x10  
  105  8:12  Overlord  
  127  8:17  Drone x2  
  129  8:32  Roach x8  
  129  8:33  Roach  
  147  8:37  Burrow  
  147  8:43  Overlord x2  
  147  8:46  Overlord  
  147  9:09  Roach  
  149  9:10  Roach x9  
  149  9:13  Overseer  
  163  9:30  Roach  
  109  9:34  Hydralisk x9  
  123  9:54  Hydralisk x3  
  129  10:00  Extractor  
  129  10:01  Hatchery  
  129  10:05  Overseer x2  
  121  10:12  Extractor  
Tags
 
Add a new tag
Caveats
  • Supply blocks, unpowered buildings, or Contaminate may cause inaccurate times.
  • Supply counts are checked every 10 seconds.